 Dungeon Crawl Stone Soup version 0.31.0-9-g3a7656b989 (webtiles) character file.

Game seed: 14052636576794688050

4724 qw the Nimble (level 10, -2/51 HPs)
             Began as a Spriggan Hunter on Feb 2, 2024.
             Was a Priest of Okawaru.
             Slain by a yak (3 damage)
             ... on level 8 of the Dungeon.
             The game lasted 00:00:44 (8421 turns).

qw the Nimble (Spriggan Hunter)                     Turns: 8421, Time: 00:00:45

Health: -2/51      AC:  9    Str:  7    XL:     10   Next: 22%
Magic:  14/14      EV: 35    Int: 10    God:    Okawaru [***...]
Gold:   317        SH:  0    Dex: 24    Spells: 9/9 levels left

rFire   . . .        s - +0 arbalest
rCold   . . .        (shield currently unavailable)
rNeg    . . .        c - +0 steam dragon scales
rPois   +            (helmet restricted)
rElec   .            i - +2 cloak
rCorr   .            (gloves unavailable)
SInv    +            (boots unavailable)
Will    +....        (no amulet)
Stlth   ++++         q - ring of poison resistance
HPRegen 0.28/turn    (no ring)
MPRegen 0.14/turn

%: no passive effects
@: about to teleport, heroic, very quick
A: very small, no large weapons, unfitting armour, see invisible, speed 3, horns
1, evolution 1
a: Renounce Religion, Heroism


You were on level 8 of the Dungeon.
You worshipped Okawaru.
Okawaru was most pleased with you.
You visited 2 branches of the dungeon, and saw 9 of its levels.
You also visited: Ossuary.

You collected 371 gold pieces.
You spent 54 gold pieces at shops.


Innate Abilities, Weirdness & Mutations

You are very small and have problems with some larger weapons.
You are too small for most types of armour.
You have supernaturally acute eyesight. (SInv)
You cover ground extremely quickly. (Speed+++)
You have a pair of small horns on your head.
You have hidden genetic potential.


   Skills:
 - Level 4.3(9.3) Fighting
 - Level 11.0(16.0) Ranged Weapons
 - Level 1.3(6.3) Armour
 + Level 11.5(16.5) Dodging
 - Level 1.5(6.5) Stealth
 - Level 4.2 Invocations


You had 9 spell levels left.
You didn't know any spells.
Your spell library was empty.

Inventory:

Hand Weapons
 s - a +0 arbalest (weapon)
Armour
 a - a +0 robe of fire resistance
 c - +0 steam dragon scales (worn)
 i - a +2 cloak (worn)
 k - a +0 robe of resistance
Jewellery
 q - a ring of poison resistance (left hand)
Wands
 l - a wand of paralysis (9)
Scrolls
 d - a scroll of identify
 n - a scroll of poison {unknown}
 o - 3 scrolls of silence {unknown}
Potions
 b - a potion of might
 e - 5 potions of curing
 g - 5 potions of enlightenment
 h - a potion of cancellation {unknown}
 j - a potion of mutation
 m - a potion of lignification {unknown}
 p - a potion of experience {unknown}
 r - a potion of attraction {unknown}

Dungeon Overview and Level Annotations

Branches:
Dungeon (8/15)             Temple (1/1) D:5         Ossuary (visited)
   Lair: D:8-11

Altars:
Ashenzari
Cheibriados
Elyvilon
Gozag
Hepliaklqana
Kikubaaqudgha
Makhleb
Nemelex Xobeh
Okawaru
Qazlal
Ru
Sif Muna
Trog
Uskayaw
Vehumet
Wu Jian
Xom
Yredelemnul
Zin
The Shining One

Shops:
D:2 [   D:8 ([

Annotations:
D:5 1 runed translucent door, Crazy Yiuf


Message History

The stone arrow misses you.
You shoot a bolt. The bolt barely misses the gargoyle.
A centaur comes into view.
You shoot a bolt. The bolt barely misses the gargoyle.
The bolt barely misses the gnoll sergeant.
The centaur shouts!
A shadow comes into view.
The yak gores you.
The gargoyle hurls a stone arrow at you.
The stone arrow hits you!!
You shoot a bolt. The bolt barely misses the gargoyle.
The bolt hits the gnoll sergeant!!
The gnoll sergeant is almost dead.
The yak misses you.
The gnoll sergeant hits you but does no damage.
The gargoyle misses you.
You shoot a bolt.
The bolt hits the gargoyle but does no damage.
The gargoyle is severely damaged.
The yak misses you.
The gargoyle hurls a stone arrow at you.
The stone arrow misses you. The gnoll sergeant misses you.
You shoot a bolt. The bolt hits the gargoyle!
You destroy the gargoyle!
Okawaru accepts your kill.
The centaur wields a +0 orcbow.
The centaur shoots an arrow.
The arrow completely misses you. The yak completely misses you.
The gnoll sergeant completely misses you.
The centaur shoots an arrow.
The arrow closely misses the shadow.
The arrow completely misses you. The shadow hits you!
8420 ||| READING scroll of teleportation.
As you read the scroll of teleportation, it crumbles to dust.
You feel strangely unstable. The yak misses you.
The gnoll sergeant hits you from afar with a +0 trident.
The shadow misses you.
You shoot a bolt.
The bolt hits the yak but does no damage.
The yak gores you.
You die...

#
##....##...#.###...##
....< #
#......).#####......#
###.. #
#......###.#.....#..##
#.. #
#....###...##..###...#
#..# #..###
....#...###..## #..
#### #..##..#.%)..#
#.#.# #...#......###
##... #..##...### #.##
#..@'.### ### ##WY###
#....# ## #%W.c. #..
.## #..gK.### ##. ..##
.....## #.. ##.# ..)##
# #..# .#)# .## #...##
##... #..### ###.#
##..#..


You could see a yak, a kobold brigand, a gnoll sergeant, 2 shadows and a
centaur.

Vanquished Creatures
  A gargoyle (D:8)
  Sigmund (D:3)
  3 yaks
  5 steam dragons
  Menkaure (D:5)
  A water moccasin (D:8)
  2 black bears
  3 ice beasts
  A sky beast (D:8)
  A centaur (D:8)
  2 ogres (D:5)
  3 phantoms (D:6)
  An elf zombie (Ossuary)
  Blork the orc (D:5)
  A kobold brigand (D:7)
  A gnoll sergeant (D:8)
  2 scorpions (D:6)
  5 wights
  2 howler monkeys
  3 bombardier beetles (D:6)
  2 centaur zombies (Ossuary)
  3 human zombies (Ossuary)
  4 jellies
  An orc priest (D:8)
  A gnoll bouda (D:8)
  4 hounds
  2 iguanas
  5 orc wizards
  A sleepcap (D:4)
  Natasha (twice) (D:3)
  7 hound zombies (Ossuary)
  2 mummies (Ossuary)
  7 gnolls
  5 adders
  2 shadow imps (D:7)
  A white imp (D:6)
  5 adder zombies (Ossuary)
  A ribbon worm (D:3)
  3 dart slugs
  30 orcs
  7 bats
  5 endoplasms
  2 giant cockroaches
  4 gnoll zombies (Ossuary)
  7 hobgoblins
  8 jackals
  6 quokkas
  5 ball pythons
  2 frilled lizards (D:2)
  11 goblins
  8 jackal zombies (Ossuary)
  18 kobolds
  A kobold zombie (Ossuary)
  5 orc zombies (Ossuary)
  7 rats
224 creatures vanquished.

Vanquished Creatures (others)
  An orc wizard (D:8)
  An adder (D:5)
  An orc (D:7)
3 creatures vanquished.

Grand Total: 227 creatures vanquished

Notes
Turn   | Place    | Note
-------+----------+-------------------------------------------
     0 | D:1      | qw the Spriggan Hunter began the quest for the Orb.
     0 | D:1      | Reached XP level 1. HP: 10/10 MP: 2/2
     0 | D:1      | 0 ||| qw: Version: 0.3-a-155-g5e7d8dd
     0 | D:1      | 0 ||| qw: Game counter: 510
     0 | D:1      | 0 ||| qw: Melee chars always use a shield: true
     0 | D:1      | 0 ||| qw: God list: Okawaru
     0 | D:1      | 0 ||| qw: Allow faded altars: false
     0 | D:1      | 0 ||| qw: Do Orc after clearing Dungeon:15 true
     0 | D:1      | 0 ||| qw: Do second Lair branch before Depths: true
     0 | D:1      | 0 ||| qw: Lair rune preference: random
     0 | D:1      | 0 ||| qw: Goals: Normal
     0 | D:1      | 0 ||| PLANNING D:1-11
    62 | D:1      | Reached skill level 3 in Dodging
   184 | D:1      | Reached XP level 2. HP: 14/14 MP: 3/3
   824 | D:1      | 824 ||| READING 2 scrolls labelled OSILUGU BU HAO.
   824 | D:1      | 824 ||| ENCHANTING +0 shortbow.
   825 | D:1      | 825 ||| READING 2 scrolls labelled YWAWNU NIZORR.
   825 | D:1      | 825 ||| IDENTIFYING bubbling puce potion
   826 | D:1      | 826 ||| READING scroll of identify.
   826 | D:1      | 826 ||| IDENTIFYING 2 glowing yellow potions
   827 | D:1      | 827 ||| READING scroll labelled KEATUP RINILUXT.
   828 | D:1      | 828 ||| READING scroll labelled ORULUN VOLEETODAU.
   832 | D:1      | 832 ||| DROPPING scroll of butterflies.
   880 | D:2      | Reached XP level 3. HP: 18/18 MP: 4/4
   963 | D:2      | Found Homeary's Antique Armour Emporium.
   988 | D:2      | 988 ||| SHOPLISTING cloak (117 gold, have 47).
   988 | D:2      | 988 ||| SHOPLISTING runed cloak (195 gold, have 47).
  1126 | D:2      | Identified the +9 hand axe of Deformation {freeze, Dex+5}
  1405 | D:2      | Found a snail-covered altar of Cheibriados.
  1728 | D:3      | Reached XP level 4. HP: 22/22 MP: 5/5
  1737 | D:3      | Noticed Sigmund
  1747 | D:3      | Killed Sigmund
  1748 | D:3      | Reached skill level 6 in Dodging
  1748 | D:3      | Reached XP level 5. HP: 21/25 MP: 6/6
  2030 | D:3      | Noticed Natasha
  2037 | D:3      | Killed Natasha
  2038 | D:3      | Reached XP level 6. HP: 30/30 MP: 7/7
  2121 | D:3      | 2121 ||| READING scroll of identify.
  2121 | D:3      | 2121 ||| IDENTIFYING ruby potion
  2122 | D:3      | 2122 ||| READING scroll labelled KONOGISUFY.
  2123 | D:3      | 2123 ||| READING scroll labelled MEWKASH OLEAF.
  2123 | D:3      | 2123 ||| ENCHANTING +0 shortbow.
  2124 | D:3      | 2124 ||| READING scroll labelled GUBLUWNUPE.
  2178 | D:3      | 2178 ||| DRINKING 3 metallic silvery potions.
  2179 | D:3      | 2179 ||| DROPPING 2 potions of degeneration.
  2182 | D:3      | Noticed Natasha
  2187 | D:3      | Killed Natasha
  2235 | D:4      | 2235 ||| PLANNING OSSUARY
  2341 | D:4      | Found a sand-covered staircase.
  2350 | Ossuary  | Entered an ossuary
  2452 | Ossuary  | Reached skill level 6 in Ranged Weapons
  2504 | Ossuary  | 2504 ||| RETREEEEATING.
  2506 | Ossuary  | 2506 ||| RETREEEEATING.
  2537 | Ossuary  | Reached XP level 7. HP: 20/35 MP: 8/8
  2709 | Ossuary  | HP: 6/35 [centaur zombie (3)]
  2710 | Ossuary  | 2710 ||| DRINKING potion of heal wounds.
  2831 | Ossuary  | 2831 ||| READING scroll labelled NIXANOLOWN.
  2831 | Ossuary  | 2831 ||| BRANDING +1 shortbow.
  2846 | D:4      | 2846 ||| PLANNING D:1-11
  3734 | D:5      | Entered Level 5 of the Dungeon
  3853 | D:5      | 3853 ||| SWAPPING to +0 orcbow.
  3860 | D:5      | 3860 ||| DROPPING +1 heavy shortbow.
  3890 | D:5      | Reached XP level 8. HP: 39/39 MP: 9/9
  3908 | D:5      | Noticed Menkaure
  3915 | D:5      | Killed Menkaure
  3916 | D:5      | Reached skill level 3 in Fighting
  4105 | D:5      | Found a staircase to the Ecumenical Temple.
  4106 | D:5      | 4106 ||| PLANNING TEMPLE
  4106 | D:5      | 4106 ||| UPGRADING to +0 robe of fire resistance.
  4116 | D:5      | 4116 ||| DROPPING +0 robe.
  4117 | D:5      | 4117 ||| UPGRADING to +0 cloak.
  4122 | D:5      | 4122 ||| READING 2 scrolls of enchant armour.
  4122 | D:5      | 4122 ||| ENCHANTING +0 cloak.
  4123 | D:5      | 4123 ||| READING scroll of enchant armour.
  4123 | D:5      | 4123 ||| ENCHANTING +1 cloak.
  4132 | Temple   | Entered the Ecumenical Temple
  4133 | Temple   | 4133 ||| PLANNING OKAWARU WORSHIP
  4152 | Temple   | Became a worshipper of Warmaster Okawaru
  4153 | Temple   | 4153 ||| PLANNING D:1-11
  4545 | D:5      | Reached skill level 9 in Ranged Weapons
  4716 | D:5      | Noticed Blork the orc
  4752 | D:5      | Found a runed translucent door.
  4753 | D:5      | Noticed Crazy Yiuf
  4773 | D:5      | Killed Blork the orc
  5006 | D:5      | 5006 ||| UPGRADING to +0 steam dragon scales.
  5016 | D:5      | 5016 ||| READING scroll labelled WOYMPE FIEK.
  5061 | D:6      | 5061 ||| RETREEEEATING.
  5065 | D:6      | 5065 ||| RETREEEEATING.
  5066 | D:6      | 5066 ||| RETREEEEATING.
  5067 | D:6      | 5067 ||| RETREEEEATING.
  5077 | D:6      | Reached skill level 9 in Dodging
  5079 | D:6      | Reached skill level 1 in Armour
  5157 | D:6      | Reached * piety under Okawaru
  5176 | D:6      | Reached skill level 1 in Invocations
  5335 | D:6      | Reached XP level 9. HP: 44/44 MP: 11/11
  5654 | D:6      | 5654 ||| READING scroll of identify.
  5654 | D:6      | 5654 ||| IDENTIFYING fizzy ruby potion
  5655 | D:6      | 5655 ||| READING scroll labelled FIF JIOHOHOLL.
  5656 | D:6      | 5656 ||| READING scroll labelled NUIXZO ECLIOX.
  5657 | D:6      | 5657 ||| DROPPING wand of flame (14).
  5690 | D:7      | 5690 ||| STAIRDANCE
  5694 | D:7      | 5694 ||| STAIRDANCE
  5877 | D:7      | Reached skill level 3 in Invocations
  6090 | D:7      | Found a flagged portal.
  6319 | D:7      | Reached ** piety under Okawaru
  6769 | D:7      | 6769 ||| DROPPING scarf of invisibility.
  6770 | D:7      | 6770 ||| DROPPING +6 ring of intelligence.
  6771 | D:7      | 6771 ||| UPGRADING to ring of poison resistance.
  6772 | D:7      | 6772 ||| READING scroll labelled DUIROSHR QY DYN.
  6773 | D:7      | 6773 ||| READING scroll labelled XEGOAN IRGHAXUN.
  6774 | D:7      | 6774 ||| DRINKING 2 metallic grey potions.
  6774 | D:7      | Gained mutation: You have hidden genetic potential. [potion
                  | of mutation]
  6774 | D:7      | Gained mutation: You have a pair of small horns on your
                  | head. [potion of mutation]
  6797 | D:8      | 6797 ||| STAIRDANCE
  6801 | D:8      | 6801 ||| STAIRDANCE
  6840 | D:8      | 6840 ||| STAIRDANCE
  7132 | D:8      | HP: 10/46 [ice beast (14)]
  7133 | D:8      | 7133 ||| READING 2 scrolls of teleportation.
  7134 | D:8      | 7134 ||| DRINKING potion of heal wounds.
  7625 | D:8      | Found Uschog's Armour Emporium.
  7655 | D:8      | Found Syuhadeu's Weapon Shoppe.
  7663 | D:8      | 7663 ||| BUYING +0 arbalest (54 gold).
  7663 | D:8      | Bought a +0 arbalest for 54 gold pieces
  7663 | D:8      | 7663 ||| SWAPPING to +0 arbalest.
  7664 | D:8      | 7664 ||| DROPPING +0 orcbow.
  7760 | D:8      | Reached *** piety under Okawaru
  8221 | D:8      | Reached XP level 10. HP: 39/51 MP: 14/14
  8406 | D:8      | Noticed a gargoyle
  8407 | D:8      | 8407 ||| INVOKING Heroism.
  8419 | D:8      | Killed a gargoyle
  8419 | D:8      | HP: 6/51 [shadow (10)]
  8420 | D:8      | 8420 ||| READING scroll of teleportation.
  8420 | D:8      | HP: 1/51 [gnoll sergeant/+0 trident (6)]
  8421 | D:8      | Slain by a yak

Levels and vault maps discovered:
D:1:      dpeg_arrival_short_road, layout_loops_corners,
          minmay_misc_feat_hallway, minmay_pentomino_u2
D:2:      layout_basic, basic_altar, serial_shops, nicolae_lakefront_shop
D:3:      layout_rooms, nrook_uturn, minmay_box_of_dots, uniq_natasha,
          uniq_sigmund
D:4:      layout_loops_corners, nicolae_ossuary_entry_ruins, serial_library,
          serial_library_hellmonk_room_c, serial_library_hellmonk_secret_room,
          serial_library_hellmonk_hallway_a, serial_library_hellmonk_hallway_a
D:5:      layout_basic, lemuel_temple_firewalk_b, serial_bayou_lagoon_b,
          uniq_crazy_yiuf_cottage, uniq_blork_the_orc, uniq_menkaure
D:6:      layout_cave_pools, hangedman_decor_points, nrook_mini_vaults
D:7:      kennysheep_steamy, layout_basic, lightli_bailey_entry_fortress,
          grunt_decor_resistance
D:8:      minmay_slanted_spiral_squares, layout_layer_cave, serial_shops, shop,
          nicolae_stop_n_shop_1, kennysheep_generic_room_7
Temple:   nicolae_temple_bog_church

Skill      XL: |  1  2  3  4  5  6  7  8  9 10 |
---------------+-------------------------------+-----
Dodging        | 3 4 6 8 9 11 | 11.5
Ranged Weapons | 5 6 8 9 10 11 | 11.0
Fighting       | 2 3 4 |  4.3
Armour         | 1 |  1.3
Invocations    | 2 4 |  4.2
Stealth        | |  1.5

Action                     |  1- 3 |  4- 6 |  7- 9 | 10-12 || total
---------------------------+-------+-------+-------+-------++-------
   Fire: Shortbow          |    92 |   187 |   137 |       ||   416
         Orcbow            |       |       |   402 |       ||   402
         Arbalest          |       |       |    33 |    43 ||    76
 Invoke: Heroism           |       |       |       |     1 ||     1
    Use: Scroll            |     5 |     4 |    10 |     1 ||    20
         Potion            |       |     1 |     3 |       ||     4
 Armour: Robe              |     5 |    31 |    39 |       ||    75
         Steam dragon scal |       |       |    62 |    13 ||    75
  Dodge: Dodged            |    23 |   114 |   349 |    38 ||   524

Table legend:
 A = Non-vault XP
 B = Vault XP
 C = Vault XP percentage of total XP
 D = Non-vault monster count
 E = Vault monster count
 F = Vault count percentage of total count
                 A         B        C        D         E       F
            +---------+---------+-------+---------+---------+-------
      Total |    3894 |    2855 |  42.3 |     155 |      70 |  31.1
            +---------+---------+-------+---------+---------+-------
        D:1 |      33 |       5 |  13.2 |      20 |       2 |   9.1
        D:2 |      45 |       0 |   0.0 |      20 |       0 |   0.0
        D:3 |      74 |     264 |  78.1 |      18 |       4 |  18.2
        D:4 |     186 |       0 |   0.0 |      21 |       0 |   0.0
        D:5 |     705 |     271 |  27.8 |      16 |       2 |  11.1
        D:6 |    1044 |       0 |   0.0 |      16 |       0 |   0.0
        D:7 |    1069 |     375 |  26.0 |      23 |      13 |  36.1
        D:8 |     738 |    1381 |  65.2 |      21 |      11 |  34.4
    Ossuary |       0 |     559 | 100.0 |       0 |      38 | 100.0
            +---------+---------+-------+---------+---------+-------
